 Dungeon Crawl Stone Soup version 0.29.0-4-gdea44cf6ec (webtiles) character file.

Game seed: 15287553308034717029

146222 qw the Peltast (level 16, -13/155 HPs)
             Began as a Minotaur Berserker on Sept 9, 2022.
             Was a High Priest of Trog.
             Mangled by a naga warrior
             ... wielding a +0 war axe
              (45 damage)
             ... on level 2 of the Snake Pit.
             The game lasted 00:11:40 (32640 turns).

qw the Peltast (Minotaur Berserker)                Turns: 32640, Time: 00:11:40

Health: -13/155    AC: 27    Str: 36    XL:     16   Next: 89%
Magic:  13/13      EV: 11    Int: 11    God:    Trog [*****.]
Gold:   1023       SH: 25    Dex: 10    Spells: 15/15 levels left

rFire   + . .      SeeInvis +   p - +14 obsidian axe {vorpal, Mesm Drain Fly SInv}
rCold   . . .      Faith    .   A - +0 tower shield
rNeg    . . .      Spirit   .   k - +1 plate armour {Will+}
rPois   .          Reflect  +   (helmet restricted)
rElec   .          Harm     .   i - +1 cloak of Starlight {*Dazzle EV+4 Stlth--}
rCorr   .          Rampage  .   g - +2 pair of gloves of the Shining One {Int+7}
Will    ++...                   m - +1 pair of boots
Stlth   ..........              u - amulet of reflection
HPRegen 0.35/turn               E - +6 ring of strength
MPRegen 0.13/turn               x - ring of protection from fire

@: lethally poisoned (-13 -> -16), about to teleport, flying, mesmerised,
slowed, constricted, very slow
A: horns 2, retaliatory headbutt, deterioration 1, low MP 1
a: Renounce Religion, Berserk, Trog's Hand, Brothers in Arms


You were on level 2 of the Snake Pit.
You worshipped Trog.
Trog was extremely pleased with you.
You visited 4 branches of the dungeon, and saw 24 of its levels.
You also visited: Ossuary.

You collected 3028 gold pieces.
You spent 2005 gold pieces at shops.


Innate Abilities, Weirdness & Mutations

You have a pair of horns on your head.
You reflexively headbutt those who attack you in melee.
Your body sometimes deteriorates upon taking damage.
Your magical capacity is low. (-10% MP)


   Skills:
 + Level 17.4 Fighting
 - Level 18.0 Axes
 - Level 8.0 Throwing
 - Level 16.0 Armour
 - Level 7.1 Dodging
 - Level 19.5 Shields


You had 15 spell levels left.
You didn't know any spells.
Your spell library was empty.

Inventory:

Hand Weapons
 c - a +2 demon whip of flaming
 p - the +14 obsidian axe (weapon) {vorpal, Mesm Drain Fly SInv}
   (You found it on level 3 of the Lair of Beasts)

   It inflicts extra damage upon your enemies.
   It occasionally summons demons to assist the wielder when it strikes in
   combat.
   Its wielder is mesmerised by any visible foes.
   It cannot be unequipped while any foes are visible.
   SInv:      It lets you see invisible.
   Fly:       It grants you flight.
   Drain:     It drains your maximum health when unequipped.
 s - a +1 vampiric war axe
Missiles
 l - a javelin (quivered)
 z - 22 boomerangs
Armour
 d - a +2 pair of gloves
 e - a +0 crystal plate armour
 g - the +2 pair of gloves of the Shining One (worn) {Int+7}
   (You acquired it in an ossuary)

   Int:       It affects your intelligence (+7).
 i - the +1 cloak of Starlight (worn) {*Dazzle EV+4 Stlth--}
   (You found it on level 10 of the Dungeon)

   It may blind those who miss an attack against the wearer in melee combat.
   EV:        It affects your evasion (+4).
   Stlth:     It makes you much less stealthy.
 k - a +1 plate armour of willpower (worn)
 m - a +1 pair of boots (worn)
 A - a +0 tower shield (worn)
 C - the +3 hat of Pondering {ponderous, Will+ MP+10 Int+5}
   (You took it off Gastronok on level 1 of the Orcish Mines)

   Int:       It affects your intelligence (+5).
   MP:        It affects your magic capacity (+10).
   Will:      It increases your willpower.
Jewellery
 u - an amulet of reflection (around neck)
 w - a +6 ring of dexterity
 x - a ring of protection from fire (right hand)
 y - a ring of protection from fire
 B - a ring of protection from cold
 E - a +6 ring of strength (left hand)
 G - the ring "Bop Omp" {Fire SInv}
   (You bought it in a shop on level 2 of the Orcish Mines)

   [ring of fire]

   It enhances your fire magic.
   rF:        It protects you from fire.
   rC:        It makes you vulnerable to cold.
   SInv:      It lets you see invisible.
Scrolls
 a - 25 scrolls of identify
 h - 6 scrolls of teleportation
 q - 2 scrolls of enchant weapon
Potions
 b - 4 potions of might
 f - 20 potions of curing
 j - 6 potions of mutation
 n - 8 potions of haste
 o - 5 potions of heal wounds
 r - 2 potions of resistance
 D - 4 potions of cancellation

Dungeon Overview and Level Annotations

Branches:
Dungeon (15/15)            Temple (0/1) D:7            Lair (5/5) D:8
  Swamp (0/4) Lair:3        Snake (2/4) Lair:3        Slime (0/5) Lair:4
    Orc (2/2) D:11            Elf (0/3) Orc:2        Vaults (0/5) D:13
 Depths (0/4) D:15        Ossuary (visited)

Altars:
Ashenzari
Elyvilon
Fedhas
Gozag
Kikubaaqudgha
Qazlal
Uskayaw
Xom
Jiyva

Shops:
D:8 [   D:9 (   D:13 [   D:15 *   Orc:2 !*(*   Snake:1 [

Annotations:
Snake:1 3 runed translucent doors


Message History

The naga warrior blocks your attack.
You feel very sick. You block the naga warrior's attack.
The naga warrior hits your smoke demon with a +0 war axe!!
The naga warrior constricts you. You block the naga warrior's attack.
The naga warrior hits your smoke demon with a +0 hand axe!
Your smoke demon dies!
Your smoke demon disappears in a puff of smoke!
32638 ||| INVOKING Brothers in Arms.
Your ogre goes berserk!
You feel very sick. You block the naga warrior's attack.
The naga warrior roars a battlecry!
The naga warrior goes into a battle-frenzy!
The naga warrior constricts you. You block the naga warrior's attack. x2
The naga warrior constricts you.
You slice the naga warrior!! Your headbutt misses the naga warrior.
The naga warrior is almost dead.
You slice the naga warrior!!
You feel sick. You block the naga warrior's attack.
The naga warrior constricts you.
The naga warrior hits you with a +0 hand axe!!!
32640 ||| READING 7 scrolls of teleportation.
As you read the scroll of teleportation, it crumbles to dust.
You feel strangely unstable.
You feel sick.
The naga warrior blocks your ogre's attack.
The naga warrior hits you but does no damage.
The naga warrior hits your ogre with a +0 hand axe!!
The naga warrior spits poison at you.
The splash of poison reflects off an invisible shield around you!
The splash of poison hits the naga warrior.
The naga warrior completely resists.
The naga warrior constricts you.
A naga comes into view. It is wielding a +0 short sword.
You block the naga warrior's attack.
The naga warrior hits your ogre with a +0 hand axe!!
Your ogre dies!
Your ogre's corpse disappears in a puff of smoke!
The naga warrior hits you with a +0 war axe!!!
You die...

#..#########.# #.## #.##.#
.....N))..#.####
##.####...## #
....###...#....#####......##
## . #...#.......##.......#
##.
#..#........#.##.....####.#
#..#.........###...##.....#
#.#.#####################..
#.#......)¤N...... #..
#.#....)..@N...... ###. #
####.#.###%.##..##N.# #.#.
## #.#..#.# #..# ..# #...
.####...#.# #$.# .## #...
..# #...### ##[# .# #... ..#
##..# ### .. #... .####.###
.. #... .###.## ". #...
.##...## #...


You could see 2 naga warriors and a naga.

Vanquished Creatures
  Asterion (Snake:1)
  An orc warlord (Orc:2)
  Snorg (D:10)
  Josephine (D:13)
  A fire dragon (Lair:5)
  2 vault guards (D:13)
  6 anacondas
  5 boulder beetles
  Erolcha (Orc:1)
  3 catoblepae
  6 hydras
  4 naga warriors
  An ogre mage (D:13)
  8 two-headed ogres
  A tengu warrior (D:15)
  10 centaur warriors
  12 death yaks
  2 orc high priests (Orc:2)
  4 shock serpents
  6 naga sharpshooters
  A soul eater (D:15)
  2 sun demons (D:15)
  Amaemon (D:10)
  2 skeletal warriors (D:13)
  2 deep trolls (D:15)
  2 wizards (D:15)
  4 lindwurms (Lair:4)
  A swamp dragon (Lair:5)
  A naga ritualist (Snake:1)
  Pikel (D:9)
  4 orc knights (Orc:2)
  A lindwurm (shapeshifter) (D:15)
  3 mana vipers
  7 orc sorcerers
  6 ugly things
  2 salamanders (Snake:2)
  A wolf spider (Lair:5)
  4 manticores
  2 cyclopes (D:14)
  A black mamba (shapeshifter) (D:15)
  12 elephants
  3 orange demons
  3 naga magi
  Joseph (D:7)
  2 guardian serpents
  19 black mambas
  3 torpor snails
  A gargoyle (D:13)
  Maggie (Lair:2)
  11 cane toads
  6 rime drakes (Lair:5)
  Psyche (D:8)
  2 tengu conjurers
  An efreet (D:15)
  A kobold demonologist (D:10)
  12 komodo dragons
  A hellwing (D:15)
  4 trolls
  A queen bee (D:11)
  4 hornets
  Grinder (D:6)
  Prince Ribbit (D:7)
  9 blink frogs (Lair:5)
  4 slime creatures (D:14)
  5 dream sheep
  A spriggan (shapeshifter) (D:15)
  A ynoxinul (D:15)
  A shadow (D:11)
  17 wyverns
  2 wraiths
  A human (D:11)
  22 yaks
  4 steam dragons
  3 basilisks
  2 chaos spawn (D:15)
  A neqoxec (D:15)
  9 nagas
  5 wargs
  4 acid dragons
  24 water moccasins
  30 orc warriors
  3 ice beasts
  3 black bears (D:8)
  9 ogres
  20 wolves
  18 centaurs
  3 phantoms
  4 lemures (D:9)
  2 gnoll sergeants
  2 kobold brigands
  9 bullfrogs
  2 necrophages
  2 scorpions
  A water moccasin zombie (D:4)
  8 wights
  26 killer bees
  4 howler monkeys (D:8)
  4 electric eels
  6 hounds
  2 bullfrog zombies (D:4)
  2 gnoll boudas
  28 orc priests
  A centaur skeleton (D:4)
  7 iguanas
  23 orc wizards
  7 hell rats (Lair:2)
  A hound zombie (D:4)
  A hound skeleton (D:4)
  A mummy (Ossuary)
  19 gnolls
  10 river rats (Lair:2)
  8 adders
  A shadow imp (D:5)
  4 white imps
  3 ufetubi
  An adder skeleton (D:4)
  3 worms (D:2)
  3 dart slugs (D:4)
  90 orcs
  4 endoplasms
  A giant cockroach (D:1)
  10 goblins
  6 hobgoblins
  4 jackals
  6 quokkas
  5 bats
  3 frilled lizards
  4 gnoll skeletons (Ossuary)
  A jackal skeleton (D:4)
  11 kobolds
  5 kobold skeletons (Ossuary)
  16 orc skeletons (Ossuary)
  17 rats
  A butterfly (Lair:2)
795 creatures vanquished.

Vanquished Creatures (collateral kills)
  Gastronok (Orc:1)
  Fannar (D:12)
  2 hydras
  3 vault guards (D:13)
  A two-headed ogre (Orc:2)
  2 boulder beetles
  A naga warrior (Snake:1)
  An anaconda (Snake:1)
  A tengu warrior (D:14)
  3 orc high priests
  2 death yaks (Lair:5)
  A naga sharpshooter (Snake:2)
  Urug (D:11)
  2 skeletal warriors (D:13)
  Lodul (D:12)
  A naga ritualist (Snake:1)
  5 mana vipers
  A deep elf pyromancer (D:12)
  An orc knight (Orc:2)
  An elephant (Lair:4)
  A guardian serpent (Snake:2)
  3 black mambas
  2 naga magi (Snake:2)
  A gargoyle (D:12)
  2 cane toads (Lair:5)
  A tengu conjurer (D:14)
  A troll (D:13)
  A red devil (D:15)
  2 slime creatures (D:14)
  A dream sheep (Lair:5)
  A water elemental (D:13)
  A centaur simulacrum (D:15)
  5 wraiths
  4 yaks
  A human (D:13)
  A wyvern (Lair:5)
  Grum (D:9)
  A warg (Orc:2)
  A naga (Snake:2)
  3 water moccasins
  10 orc warriors
  8 ogres
  A wolf (D:9)
  2 centaurs
  A kobold brigand (D:9)
  3 bullfrogs
  5 killer bees (D:9)
  2 howler monkeys
  9 orc priests
  5 orc wizards
  17 orcs
129 creatures vanquished.

Vanquished Creatures (others)
  An orc (Orc:2)
  A quokka (D:9)
  12 bushes (Lair:3)
  27 fungi
  79 plants
  7 withered plants (D:4)
127 creatures vanquished.

Grand Total: 1051 creatures vanquished

Notes
Turn   | Place    | Note
-------+----------+-------------------------------------------
     0 | D:1      | qw the Minotaur Berserker began the quest for the Orb.
     0 | D:1      | Reached XP level 1. HP: 19/19 MP: 0/0
     0 | D:1      | 0 ||| qw: Version: 0.1-a-113-g051387a
     0 | D:1      | 0 ||| qw: Game counter: 6914
     0 | D:1      | 0 ||| qw: Always use a shield: true
     0 | D:1      | 0 ||| qw: Do Orc after D:15 true
     0 | D:1      | 0 ||| qw: Do second Lair branch before Depths: true
     0 | D:1      | 0 ||| qw: Lair rune preference: random
     0 | D:1      | 0 ||| qw: Plans: Normal
     0 | D:1      | 0 ||| PLANNING D:1-11
    96 | D:1      | Reached XP level 2. HP: 26/26 MP: 1/1
   239 | D:1      | 239 ||| DROPPING +0 club.
   685 | D:1      | 685 ||| UPGRADING to ring of protection from cold.
   686 | D:1      | 686 ||| READING 3 scrolls labelled WIPREN MOIC.
   687 | D:1      | 687 ||| READING 2 scrolls of identify.
   687 | D:1      | 687 ||| IDENTIFYING sapphire potion
   688 | D:1      | 688 ||| DROPPING potion of attraction.
   805 | D:2      | 805 ||| Stepping ~*~*~tactically~*~*~ (stealth).
   811 | D:2      | 811 ||| Stepping ~*~*~tactically~*~*~ (stealth).
   853 | D:2      | 853 ||| INVOKING Berserk.
   861 | D:2      | Reached XP level 3. HP: 31/31 MP: 2/2
   943 | D:2      | 943 ||| INVOKING Berserk.
  1212 | D:2      | Reached ** piety under Trog
  1547 | D:2      | 1547 ||| UPGRADING to +0 chain mail.
  1557 | D:2      | 1557 ||| DROPPING +0 animal skin.
  1558 | D:2      | 1558 ||| READING scroll labelled WABELLIJEO.
  1559 | D:2      | 1559 ||| READING 3 scrolls labelled CEMOR SEHYLI.
  1560 | D:2      | 1560 ||| DROPPING 2 scrolls of fog.
  1732 | D:3      | 1732 ||| Stepping ~*~*~tactically~*~*~ (stealth).
  1734 | D:3      | 1734 ||| Stepping ~*~*~tactically~*~*~ (stealth).
  1736 | D:3      | 1736 ||| Stepping ~*~*~tactically~*~*~ (stealth).
  1743 | D:3      | Reached skill level 6 in Axes
  1743 | D:3      | Reached XP level 4. HP: 39/39 MP: 3/3
  1929 | D:3      | 1929 ||| Stepping ~*~*~tactically~*~*~ (stealth).
  1934 | D:3      | 1934 ||| Stepping ~*~*~tactically~*~*~ (stealth).
  2438 | D:3      | Found a faded altar of an unknown god.
  2595 | D:3      | 2595 ||| UPGRADING to +6 ring of dexterity.
  2596 | D:3      | 2596 ||| READING 2 scrolls labelled SUFUSONOUS.
  2597 | D:3      | 2597 ||| READING scroll labelled ROLEXO HEMAU.
  2598 | D:3      | 2598 ||| READING 2 scrolls labelled GIRIGA DORRY.
  2599 | D:3      | 2599 ||| DRINKING 3 bubbling golden potions.
  2599 | D:3      | Gained mutation: Armour fits poorly on your strangely
                  | shaped body. [potion of mutation]
  2600 | D:3      | 2600 ||| DRINKING 2 potions of mutation.
  2600 | D:3      | Lost mutation: Armour fits poorly on your strangely shaped
                  | body. [potion of mutation]
  2600 | D:3      | Gained mutation: Your magical capacity is low. (-10% MP)
                  | [potion of mutation]
  2601 | D:3      | 2601 ||| READING 2 scrolls of identify.
  2601 | D:3      | 2601 ||| IDENTIFYING amethyst potion
  2602 | D:3      | 2602 ||| DROPPING scroll of vulnerability.
  2603 | D:3      | 2603 ||| DROPPING potion of degeneration.
  2604 | D:3      | 2604 ||| DROPPING scroll of fear.
  2631 | D:4      | 2631 ||| FLEEEEING.
  2632 | D:4      | 2632 ||| STAIRDANCE
  2660 | D:4      | 2660 ||| STAIRDANCE
  2701 | D:4      | 2701 ||| STAIRDANCE
  2730 | D:4      | 2730 ||| Stepping ~*~*~tactically~*~*~ (hiding).
  2734 | D:4      | 2734 ||| INVOKING Berserk.
  2740 | D:4      | Reached XP level 5. HP: 45/45 MP: 3/3
  2782 | D:4      | Noticed an ogre
  2783 | D:4      | 2783 ||| FLEEEEING.
  2799 | D:4      | 2799 ||| DROPPING +0 whip.
  2816 | D:4      | Noticed a phantom
  2820 | D:4      | 2820 ||| Stepping ~*~*~tactically~*~*~ (stealth).
  2830 | D:4      | Killed a phantom
  2831 | D:4      | Reached XP level 6. HP: 40/52 MP: 4/4
  2848 | D:4      | 2848 ||| Stepping ~*~*~tactically~*~*~ (stealth).
  3012 | D:4      | 3012 ||| Stepping ~*~*~tactically~*~*~ (stealth).
  3013 | D:4      | 3013 ||| Stepping ~*~*~tactically~*~*~ (stealth).
  3065 | D:4      | Reached skill level 9 in Axes
  3134 | D:4      | 3134 ||| Stepping ~*~*~tactically~*~*~ (stealth).
  3143 | D:4      | Reached XP level 7. HP: 56/60 MP: 5/5
  3240 | D:4      | 3240 ||| INVOKING Berserk.
  3495 | D:4      | 3495 ||| UPGRADING to +0 cloak.
  3500 | D:4      | 3500 ||| UPGRADING to +0 pair of gloves.
  3505 | D:4      | 3505 ||| UPGRADING to +0 plate armour.
  3515 | D:4      | 3515 ||| DROPPING +0 chain mail.
  3516 | D:4      | 3516 ||| DROPPING +6 ring of intelligence.
  3517 | D:4      | 3517 ||| READING scroll labelled XAWERPH IRUMAEZ.
  3518 | D:4      | 3518 ||| READING scroll labelled PUINUXT ELYM.
  3521 | D:4      | 3521 ||| DRINKING 2 silvery potions.
  3522 | D:4      | 3522 ||| READING 3 scrolls of identify.
  3522 | D:4      | 3522 ||| IDENTIFYING dark potion
  3523 | D:4      | 3523 ||| READING 2 scrolls of identify.
  3523 | D:4      | 3523 ||| IDENTIFYING coppery potion
  3524 | D:4      | 3524 ||| DROPPING potion of magic.
  3525 | D:4      | 3525 ||| DROPPING potion of brilliance.
  3529 | D:5      | Entered Level 5 of the Dungeon
  3663 | D:5      | 3663 ||| Stepping ~*~*~tactically~*~*~ (hiding).
  3664 | D:5      | 3664 ||| Stepping ~*~*~tactically~*~*~ (hiding).
  3670 | D:5      | Reached *** piety under Trog
  3817 | D:5      | 3817 ||| Stepping ~*~*~tactically~*~*~ (stealth).
  3818 | D:5      | 3818 ||| Stepping ~*~*~tactically~*~*~ (stealth).
  3853 | D:5      | Found a hide-covered altar of Uskayaw.
  3922 | D:5      | 3922 ||| Stepping ~*~*~tactically~*~*~ (stealth).
  3925 | D:5      | 3925 ||| FLEEEEING.
  3926 | D:5      | 3926 ||| FLEEEEING.
  3927 | D:5      | 3927 ||| FLEEEEING.
  3928 | D:5      | 3928 ||| FLEEEEING.
  3929 | D:5      | 3929 ||| FLEEEEING.
  3964 | D:5      | 3964 ||| Stepping ~*~*~tactically~*~*~ (stealth).
  3973 | D:5      | 3973 ||| Stepping ~*~*~tactically~*~*~ (stealth).
  3974 | D:5      | 3974 ||| Stepping ~*~*~tactically~*~*~ (stealth).
  3987 | D:5      | Reached skill level 1 in Throwing
  4683 | D:5      | 4683 ||| READING scroll labelled EBLABON FAETIP.
  4684 | D:5      | 4684 ||| DRINKING 2 pink potions.
  4685 | D:5      | 4685 ||| DRINKING 2 viscous white potions.
  4686 | D:5      | 4686 ||| READING 5 scrolls of identify.
  4686 | D:5      | 4686 ||| IDENTIFYING cyan potion
  4687 | D:5      | 4687 ||| DROPPING potion of invisibility.
  4688 | D:5      | 4688 ||| Stepping randomly (stuck).
  4689 | D:5      | 4689 ||| Stepping ~*~*~tactically~*~*~ (cloud).
  4824 | D:6      | 4824 ||| PLANNING OSSUARY
  4826 | D:6      | 4826 ||| Stepping ~*~*~tactically~*~*~ (stealth).
  4827 | D:6      | 4827 ||| Stepping ~*~*~tactically~*~*~ (stealth).
  4828 | D:6      | 4828 ||| STAIRDANCE
  4833 | D:6      | 4833 ||| STAIRDANCE
  4835 | D:5      | 4835 ||| DRINKING potion of curing.
  4835 | D:5      | 4835 ||| (to cure confusion)
  4886 | D:6      | 4886 ||| STAIRDANCE
  4889 | D:5      | Reached XP level 8. HP: 68/68 MP: 6/6
  4891 | D:6      | 4891 ||| STAIRDANCE
  4898 | D:5      | 4898 ||| INVOKING Berserk.
  4898 | D:5      | HP: 19/96 [wight/+2 falchion (8)]
  5152 | D:6      | 5152 ||| STAIRDANCE
  5158 | D:5      | Reached skill level 6 in Fighting
  5335 | D:6      | 5335 ||| Stepping ~*~*~tactically~*~*~ (stealth).
  5337 | D:6      | 5337 ||| Stepping ~*~*~tactically~*~*~ (stealth).
  5343 | D:6      | 5343 ||| INVOKING Berserk.
  5436 | D:6      | Found a sand-covered staircase.
  5446 | Ossuary  | Entered an ossuary
  5618 | Ossuary  | 5618 ||| Stepping ~*~*~tactically~*~*~ (stealth).
  5651 | Ossuary  | Reached **** piety under Trog
  5660 | Ossuary  | 5660 ||| READING scroll labelled MEAPIO CILL.
  5660 | Ossuary  | Identified a scroll of acquirement
  5660 | Ossuary  | 5660 ||| ACQUIRING +2 pair of gloves of the Shining One
                  | {Int+7}
  5660 | Ossuary  | Acquired the +2 pair of gloves of the Shining One {Int+7}
  5662 | Ossuary  | 5662 ||| UPGRADING to +2 pair of gloves of the Shining One
                  | {Int+7}.
  5672 | Ossuary  | 5672 ||| DROPPING +0 pair of gloves.
  5673 | Ossuary  | 5673 ||| READING scroll labelled POEDGH GOPHIG.
  5674 | Ossuary  | 5674 ||| DRINKING 4 fuming green potions.
  5675 | Ossuary  | 5675 ||| DROPPING 3 potions of flight.
  5683 | D:6      | 5683 ||| PLANNING D:1-11
  5701 | D:6      | 5701 ||| Stepping ~*~*~tactically~*~*~ (hiding).
  5705 | D:6      | 5705 ||| INVOKING Berserk.
  5875 | D:6      | Noticed Grinder
  5876 | D:6      | 5876 ||| INVOKING Trog's Hand.
  5879 | D:6      | 5879 ||| INVOKING Berserk.
  5883 | D:6      | Killed Grinder
  5884 | D:6      | Reached skill level 12 in Axes
  5907 | D:6      | Reached skill level 3 in Dodging
  5907 | D:6      | Reached XP level 9. HP: 75/75 MP: 7/7
  6017 | D:6      | 6017 ||| INVOKING Berserk.
  6328 | D:6      | Reached skill level 6 in Armour
  6422 | D:7      | 6422 ||| READING scroll of acquirement.
  6422 | D:7      | 6422 ||| ACQUIRING +1 buckler of Dabohus {Rampage}
  6422 | D:7      | Acquired the +1 buckler of Dabohus {Rampage}
  6424 | D:7      | 6424 ||| UPGRADING to +1 buckler of Dabohus {Rampage}.
  6429 | D:7      | Noticed Joseph
  6445 | D:7      | 6445 ||| INVOKING Berserk.
  6449 | D:7      | Killed Joseph
  6450 | D:7      | Reached skill level 3 in Shields
  6664 | D:7      | 6664 ||| UPGRADING to +0 pair of boots.
  6701 | D:7      | Noticed Prince Ribbit
  6703 | D:7      | 6703 ||| INVOKING Berserk.
  6706 | D:7      | Killed Prince Ribbit
  6707 | D:7      | Reached skill level 5 in Shields
  6876 | D:7      | 6876 ||| INVOKING Berserk.
  6894 | D:7      | 6894 ||| Stepping ~*~*~tactically~*~*~ (stealth).
  6898 | D:7      | 6898 ||| Stepping ~*~*~tactically~*~*~ (stealth).
  6899 | D:7      | 6899 ||| Stepping ~*~*~tactically~*~*~ (stealth).
  6913 | D:7      | 6913 ||| INVOKING Berserk.
  7181 | D:7      | 7181 ||| SWAPPING to +4 hand axe.
  7182 | D:7      | 7182 ||| DROPPING +1 hand axe.
  7221 | D:7      | Found a staircase to the Ecumenical Temple.
  7312 | D:7      | 7312 ||| INVOKING Berserk.
  7441 | D:7      | Found an opulent altar of Gozag.
  7446 | D:7      | Found a blossoming altar of Fedhas.
  7455 | D:7      | 7455 ||| INVOKING Berserk.
  7912 | D:7      | 7912 ||| INVOKING Berserk.
  8051 | D:7      | 8051 ||| DROPPING amulet of magic regeneration.
  8052 | D:7      | 8052 ||| READING 7 scrolls of identify.
  8052 | D:7      | 8052 ||| IDENTIFYING inky potion
  8053 | D:7      | 8053 ||| READING 6 scrolls of identify.
  8053 | D:7      | 8053 ||| IDENTIFYING glowing ruby potion
  8054 | D:7      | 8054 ||| DROPPING potion of ambrosia.
  8066 | D:8      | 8066 ||| Stepping ~*~*~tactically~*~*~ (hiding).
  8068 | D:8      | 8068 ||| STAIRDANCE
  8180 | D:8      | Noticed Psyche
  8197 | D:8      | Reached XP level 10. HP: 50/88 MP: 8/8
  8205 | D:8      | 8205 ||| INVOKING Berserk.
  8212 | D:8      | Killed Psyche
  8215 | D:8      | Found a staircase to the Lair.
  8223 | D:8      | 8223 ||| Stepping ~*~*~tactically~*~*~ (stealth).
  8224 | D:8      | 8224 ||| FLEEEEING.
  8225 | D:8      | 8225 ||| FLEEEEING.
  8226 | D:8      | 8226 ||| STAIRDANCE
  8452 | D:8      | 8452 ||| STAIRDANCE
  8472 | D:8      | 8472 ||| STAIRDANCE
  8734 | D:8      | Found Panearuz's Armour Boutique.
  8736 | D:8      | 8736 ||| INVOKING Berserk.
  8893 | D:8      | 8893 ||| SWAPPING to +0 broad axe.
  9004 | D:8      | 9004 ||| DROPPING +4 hand axe.
  9024 | D:8      | Identified the +5 hand axe "Paro Qet" {vorpal, rF- Will+
                  | Str+6}
  9122 | D:8      | 9122 ||| Stepping ~*~*~tactically~*~*~ (stealth).
  9186 | D:8      | 9186 ||| DROPPING orb of mayhem.
  9459 | D:8      | Found a stormy altar of Qazlal.
  9495 | D:8      | 9495 ||| Stepping ~*~*~tactically~*~*~ (hiding).
  9527 | D:8      | Found an ancient bone altar of Kikubaaqudgha.
  9649 | D:8      | 9649 ||| Stepping ~*~*~tactically~*~*~ (hiding).
  9657 | D:8      | 9657 ||| INVOKING Berserk.
  9777 | D:8      | 9777 ||| Stepping ~*~*~tactically~*~*~ (stealth).
  9791 | D:8      | 9791 ||| DRINKING 8 potions of curing.
  9791 | D:8      | 9791 ||| (to cure confusion)
  9800 | D:8      | Noticed a white ugly thing
  9800 | D:8      | Noticed a six-headed hydra
  9801 | D:8      | 9801 ||| INVOKING Brothers in Arms.
  9802 | D:8      | 9802 ||| INVOKING Brothers in Arms.
  9803 | D:8      | 9803 ||| INVOKING Brothers in Arms.
  9804 | D:8      | 9804 ||| INVOKING Brothers in Arms.
  9805 | D:8      | 9805 ||| SWAPPING to +0 flail.
  9806 | D:8      | 9806 ||| INVOKING Berserk.
  9808 | D:8      | Killed a six-headed hydra
  9809 | D:8      | Reached skill level 15 in Axes
  9811 | D:8      | Killed a white ugly thing
  9812 | D:8      | Reached skill level 9 in Fighting
  9812 | D:8      | Noticed a two-headed ogre
  9817 | D:8      | Reached XP level 11. HP: 83/97 MP: 8/8
  9821 | D:8      | Killed a two-headed ogre
  9831 | D:8      | 9831 ||| SWAPPING to +0 broad axe.
 10108 | D:8      | 10108 ||| PLANNING LAIR
 10108 | D:8      | 10108 ||| READING scroll labelled SIMUTTAEHE.
 10209 | D:8      | 10209 ||| READING scroll labelled XOCRAEDWUER.
 10312 | Lair:1   | Entered Level 1 of the Lair of Beasts
 10342 | Lair:1   | 10342 ||| INVOKING Berserk.
 10434 | Lair:1   | 10434 ||| Stepping ~*~*~tactically~*~*~ (stealth).
 10436 | Lair:1   | 10436 ||| Stepping ~*~*~tactically~*~*~ (stealth).
 10439 | Lair:1   | 10439 ||| Stepping ~*~*~tactically~*~*~ (stealth).
 10440 | Lair:1   | 10440 ||| INVOKING Berserk.
 10443 | Lair:1   | Reached skill level 9 in Armour
 10456 | Lair:1   | Reached skill level 6 in Shields
 10462 | Lair:1   | 10462 ||| Stepping ~*~*~tactically~*~*~ (stealth).
 10500 | Lair:1   | 10500 ||| Stepping ~*~*~tactically~*~*~ (stealth).
 10501 | Lair:1   | 10501 ||| Stepping ~*~*~tactically~*~*~ (stealth).
 10507 | Lair:1   | 10507 ||| INVOKING Berserk.
 10685 | Lair:1   | 10685 ||| Stepping ~*~*~tactically~*~*~ (stealth).
 10757 | Lair:1   | 10757 ||| Stepping ~*~*~tactically~*~*~ (stealth).
 10884 | Lair:1   | 10884 ||| INVOKING Berserk.
 11101 | Lair:1   | 11101 ||| Stepping ~*~*~tactically~*~*~ (stealth).
 11213 | Lair:1   | 11213 ||| READING scroll labelled ZAMUL EKO.
 11214 | Lair:1   | 11214 ||| READING 7 scrolls of identify.
 11214 | Lair:1   | 11214 ||| IDENTIFYING brown potion
 11215 | Lair:1   | 11215 ||| DROPPING potion of lignification.
 11236 | Lair:2   | Noticed a seven-headed hydra
 11237 | Lair:2   | 11237 ||| INVOKING Brothers in Arms.
 11238 | Lair:2   | 11238 ||| INVOKING Brothers in Arms.
 11239 | Lair:2   | 11239 ||| INVOKING Brothers in Arms.
 11240 | Lair:2   | 11240 ||| INVOKING Brothers in Arms.
 11241 | Lair:2   | 11241 ||| INVOKING Brothers in Arms.
 11242 | Lair:2   | 11242 ||| INVOKING Brothers in Arms.
 11243 | Lair:2   | 11243 ||| SWAPPING to +0 flail.
 11244 | Lair:2   | 11244 ||| INVOKING Berserk.
 11245 | Lair:2   | Killed a seven-headed hydra
 11261 | Lair:2   | 11261 ||| SWAPPING to +0 broad axe.
 11430 | Lair:2   | 11430 ||| INVOKING Berserk.
 11510 | Lair:2   | 11510 ||| Stepping ~*~*~tactically~*~*~ (stealth).
 11646 | Lair:2   | Noticed Maggie
 11647 | Lair:2   | 11647 ||| Stepping ~*~*~tactically~*~*~ (hiding).
 11651 | Lair:2   | 11651 ||| Stepping ~*~*~tactically~*~*~ (hiding).
 11657 | Lair:2   | 11657 ||| INVOKING Berserk.
 11662 | Lair:2   | Killed Maggie
 11786 | Lair:2   | 11786 ||| Stepping ~*~*~tactically~*~*~ (stealth).
 11788 | Lair:2   | 11788 ||| INVOKING Berserk.
 11820 | Lair:2   | 11820 ||| Stepping ~*~*~tactically~*~*~ (stealth).
 11821 | Lair:2   | 11821 ||| Stepping ~*~*~tactically~*~*~ (stealth).
 11848 | Lair:2   | 11848 ||| Stepping ~*~*~tactically~*~*~ (stealth).
 11849 | Lair:2   | 11849 ||| Stepping ~*~*~tactically~*~*~ (stealth).
 11857 | Lair:2   | 11857 ||| FLEEEEING.
 11858 | Lair:2   | 11858 ||| FLEEEEING.
 11865 | Lair:2   | 11865 ||| Stepping ~*~*~tactically~*~*~ (stealth).
 11866 | Lair:2   | 11866 ||| Stepping ~*~*~tactically~*~*~ (stealth).
 11900 | Lair:2   | 11900 ||| Stepping ~*~*~tactically~*~*~ (stealth).
 11915 | Lair:2   | 11915 ||| Stepping ~*~*~tactically~*~*~ (stealth).
 11946 | Lair:2   | 11946 ||| Stepping ~*~*~tactically~*~*~ (stealth).
 11980 | Lair:2   | 11980 ||| Stepping ~*~*~tactically~*~*~ (stealth).
 12001 | Lair:2   | 12001 ||| Stepping ~*~*~tactically~*~*~ (stealth).
 12500 | Lair:3   | 12500 ||| PLANNING GAUNTLET
 12500 | Lair:3   | 12500 ||| STAIRDANCE
 12507 | Lair:3   | 12507 ||| STAIRDANCE
 12509 | Lair:2   | 12509 ||| INVOKING Berserk.
 12514 | Lair:2   | Reached XP level 12. HP: 76/106 MP: 9/9
 12709 | Lair:3   | 12709 ||| STAIRDANCE
 12723 | Lair:3   | 12723 ||| INVOKING Berserk.
 12728 | Lair:3   | Reached skill level 18 in Axes
 12732 | Lair:3   | 12732 ||| STAIRDANCE
 12852 | Lair:3   | 12852 ||| STAIRDANCE
 12963 | Lair:3   | 12963 ||| STAIRDANCE
 13062 | Lair:3   | 13062 ||| RIP GAUNTLET
 13063 | Lair:3   | 13063 ||| PLANNING LAIR
 13063 | Lair:3   | 13063 ||| STAIRDANCE
 13259 | Lair:3   | Identified the +0 scale mail of the Slorg {rPois}
 13261 | Lair:3   | Noticed a death yak
 13264 | Lair:3   | 13264 ||| INVOKING Berserk.
 13268 | Lair:3   | Killed a death yak
 13269 | Lair:3   | Reached skill level 7 in Shields
 13374 | Lair:3   | 13374 ||| Stepping ~*~*~tactically~*~*~ (stealth).
 13480 | Lair:3   | Noticed a four-headed hydra
 13481 | Lair:3   | 13481 ||| INVOKING Brothers in Arms.
 13485 | Lair:3   | 13485 ||| SWAPPING to +0 flail.
 13487 | Lair:3   | 13487 ||| INVOKING Berserk.
 13496 | Lair:3   | Killed a four-headed hydra
 13540 | Lair:3   | 13540 ||| SWAPPING to +0 broad axe.
 13594 | Lair:3   | Found a staircase to the Snake Pit.
 13598 | Lair:3   | 13598 ||| Stepping ~*~*~tactically~*~*~ (hiding).
 13675 | Lair:3   | 13675 ||| Stepping ~*~*~tactically~*~*~ (stealth).
 13727 | Lair:3   | 13727 ||| Stepping ~*~*~tactically~*~*~ (stealth).
 13729 | Lair:3   | Noticed a death yak
 13731 | Lair:3   | 13731 ||| Stepping ~*~*~tactically~*~*~ (stealth).
 13732 | Lair:3   | 13732 ||| Stepping ~*~*~tactically~*~*~ (stealth).
 13733 | Lair:3   | Noticed a death yak
 13735 | Lair:3   | 13735 ||| Stepping ~*~*~tactically~*~*~ (stealth).
 13736 | Lair:3   | 13736 ||| INVOKING Berserk.
 13741 | Lair:3   | Killed a death yak
 13742 | Lair:3   | Reached skill level 6 in Dodging
 13742 | Lair:3   | Noticed a death yak
 13745 | Lair:3   | Noticed a death yak
 13752 | Lair:3   | Killed a death yak
 13753 | Lair:3   | Killed a death yak
 13760 | Lair:3   | Killed a death yak
 13913 | Lair:3   | Noticed a seven-headed hydra
 13914 | Lair:3   | 13914 ||| INVOKING Brothers in Arms.
 13915 | Lair:3   | 13915 ||| INVOKING Brothers in Arms.
 13916 | Lair:3   | 13916 ||| SWAPPING to +0 flail.
 13917 | Lair:3   | 13917 ||| INVOKING Berserk.
 13918 | Lair:3   | Killed a seven-headed hydra
 13924 | Lair:3   | 13924 ||| SWAPPING to +0 broad axe.
 13995 | Lair:3   | 13995 ||| Stepping ~*~*~tactically~*~*~ (stealth).
 13997 | Lair:3   | Found a staircase to the Swamp.
 14173 | Lair:3   | Reached skill level 12 in Fighting
 14198 | Lair:3   | 14198 ||| Stepping ~*~*~tactically~*~*~ (stealth).
 14201 | Lair:3   | 14201 ||| Stepping ~*~*~tactically~*~*~ (stealth).
 14203 | Lair:3   | 14203 ||| Stepping ~*~*~tactically~*~*~ (stealth).
 14204 | Lair:3   | 14204 ||| Stepping ~*~*~tactically~*~*~ (stealth).
 14205 | Lair:3   | 14205 ||| Stepping ~*~*~tactically~*~*~ (stealth).
 14219 | Lair:3   | Reached skill level 8 in Shields
 14483 | Lair:3   | Found the +14 obsidian axe {vorpal, Mesm Drain Fly SInv}
 14492 | Lair:3   | 14492 ||| SWAPPING to +14 obsidian axe {vorpal, Mesm Drain
                  | Fly SInv}.
 14493 | Lair:3   | 14493 ||| DROPPING +0 broad axe.
 14509 | Lair:3   | Noticed a boulder beetle
 14514 | Lair:3   | 14514 ||| FLEEEEING.
 14514 | Lair:3   | Noticed a boulder beetle
 14516 | Lair:3   | 14516 ||| INVOKING Berserk.
 14521 | Lair:3   | Killed a boulder beetle
 14523 | Lair:3   | Noticed a death yak
 14523 | Lair:3   | Noticed a boulder beetle
 14526 | Lair:3   | Reached skill level 12 in Armour
 14541 | Lair:3   | Killed a death yak
 14542 | Lair:3   | Reached XP level 13. HP: 79/118 MP: 10/10
 14546 | Lair:3   | HP: 29/119 [boulder beetle (14)]
 14547 | Lair:3   | 14547 ||| READING 2 scrolls of teleportation.
 14566 | Lair:3   | 14566 ||| FLEEEEING.
 15294 | Lair:3   | 15294 ||| DRINKING 2 sedimented clear potions.
 15437 | Lair:4   | 15437 ||| Stepping ~*~*~tactically~*~*~ (hiding).
 15441 | Lair:4   | 15441 ||| INVOKING Berserk.
 15553 | Lair:4   | 15553 ||| Stepping ~*~*~tactically~*~*~ (stealth).
 15555 | Lair:4   | 15555 ||| Stepping ~*~*~tactically~*~*~ (stealth).
 15556 | Lair:4   | 15556 ||| Stepping ~*~*~tactically~*~*~ (stealth).
 15557 | Lair:4   | 15557 ||| Stepping ~*~*~tactically~*~*~ (stealth).
 15559 | Lair:4   | 15559 ||| INVOKING Brothers in Arms.
 15716 | Lair:4   | Found a staircase to the Slime Pits.
 15718 | Lair:4   | Found a viscous altar of Jiyva.
 16170 | Lair:4   | 16170 ||| UPGRADING to amulet of reflection.
 16175 | Lair:4   | 16175 ||| DROPPING amulet of regeneration.
 16176 | Lair:4   | 16176 ||| UPGRADING to ring of protection from fire.
 16178 | Lair:4   | 16178 ||| READING 2 scrolls labelled OPIVAOBLEASCH.
 16179 | Lair:4   | 16179 ||| DROPPING scroll of amnesia.
 16226 | Lair:5   | Entered Level 5 of the Lair of Beasts
 16233 | Lair:5   | Reached skill level 9 in Shields
 16245 | Lair:5   | 16245 ||| STAIRDANCE
 16369 | Lair:5   | 16369 ||| STAIRDANCE
 16503 | Lair:5   | 16503 ||| Stepping ~*~*~tactically~*~*~ (stealth).
 16593 | Lair:5   | Noticed a fire dragon
 16603 | Lair:5   | 16603 ||| Stepping ~*~*~tactically~*~*~ (cloud).
 16606 | Lair:5   | Reached skill level 15 in Fighting
 16607 | Lair:5   | Killed a fire dragon
 16899 | Lair:5   | 16899 ||| Stepping ~*~*~tactically~*~*~ (hiding).
 16937 | Lair:5   | 16937 ||| Stepping ~*~*~tactically~*~*~ (stealth).
 16943 | Lair:5   | Reached XP level 14. HP: 74/135 MP: 11/11
 16969 | Lair:5   | 16969 ||| Stepping ~*~*~tactically~*~*~ (stealth).
 16970 | Lair:5   | 16970 ||| Stepping ~*~*~tactically~*~*~ (stealth).
 17083 | Lair:5   | 17083 ||| Stepping ~*~*~tactically~*~*~ (stealth).
 17103 | Lair:5   | Reached ***** piety under Trog
 17186 | Lair:5   | 17186 ||| INVOKING Brothers in Arms.
 17189 | Lair:5   | 17189 ||| INVOKING Brothers in Arms.
 17190 | Lair:5   | 17190 ||| INVOKING Brothers in Arms.
 17191 | Lair:5   | 17191 ||| INVOKING Brothers in Arms.
 17489 | Lair:5   | Reached skill level 10 in Shields
 17553 | Lair:5   | 17553 ||| Stepping ~*~*~tactically~*~*~ (stealth).
 17554 | Lair:5   | 17554 ||| Stepping ~*~*~tactically~*~*~ (stealth).
 17555 | Lair:5   | 17555 ||| Stepping ~*~*~tactically~*~*~ (stealth).
 17560 | Lair:5   | 17560 ||| Stepping ~*~*~tactically~*~*~ (stealth).
 17643 | Lair:5   | 17643 ||| Stepping ~*~*~tactically~*~*~ (hiding).
 17809 | Lair:5   | 17809 ||| Stepping ~*~*~tactically~*~*~ (stealth).
 17865 | Lair:5   | 17865 ||| Stepping ~*~*~tactically~*~*~ (stealth).
 18058 | Lair:5   | Identified the +11 trident of Kiacip {vorpal, rC++ rCorr
                  | Int-2 Dex+3}
 18156 | Lair:5   | Identified the +3 ring mail "Caat" {rC+}
 18164 | Lair:5   | 18164 ||| PLANNING D:1-11
 18164 | Lair:5   | 18164 ||| UPGRADING to +0 kite shield.
 18174 | Lair:5   | 18174 ||| DROPPING +1 buckler of Dabohus {Rampage}.
 18175 | Lair:5   | 18175 ||| DROPPING +2 pair of gloves.
 18176 | Lair:5   | 18176 ||| DROPPING ring of magical power.
 18377 | D:9      | 18377 ||| FLEEEEING.
 18380 | D:9      | 18380 ||| FLEEEEING.
 18381 | D:9      | 18381 ||| FLEEEEING.
 18383 | D:9      | 18383 ||| STAIRDANCE
 18437 | D:9      | 18437 ||| Stepping ~*~*~tactically~*~*~ (stealth).
 18438 | D:9      | 18438 ||| Stepping ~*~*~tactically~*~*~ (stealth).
 18500 | D:9      | Noticed Pikel
 18508 | D:9      | Killed Pikel
 18595 | D:9      | Found Plog's Weapon Boutique.
 18624 | D:9      | 18624 ||| BUYING +6 mace of Eternal War {vorpal, Will+
                  | Str+3} (747 gold).
 18624 | D:9      | Bought the +6 mace of Eternal War {vorpal, Will+ Str+3} for
                  | 747 gold pieces
 18650 | D:9      | 18650 ||| Stepping ~*~*~tactically~*~*~ (hiding).
 18652 | D:9      | 18652 ||| Stepping ~*~*~tactically~*~*~ (stealth).
 18697 | D:9      | 18697 ||| DROPPING +0 flail.
 18698 | D:9      | 18698 ||| DROPPING +6 mace of Eternal War {vorpal, Will+
                  | Str+3}.
 18724 | D:9      | Found a white marble altar of Elyvilon.
 18793 | D:9      | Found a shimmering altar of Xom.
 18814 | D:9      | 18814 ||| Stepping ~*~*~tactically~*~*~ (hiding).
 18936 | D:9      | Reached skill level 11 in Shields
 19061 | D:9      | Noticed Grum
 19062 | D:9      | 19062 ||| INVOKING Brothers in Arms.
 19069 | D:9      | Killed Grum
 19140 | D:9      | 19140 ||| DRINKING 2 blue potions.
 19167 | D:10     | Entered Level 10 of the Dungeon
 19325 | D:10     | Found the +1 cloak of Starlight {*Dazzle EV+4 Stlth--}
 19335 | D:10     | 19335 ||| Stepping ~*~*~tactically~*~*~ (hiding).
 19394 | D:10     | Noticed Snorg
 19401 | D:10     | Killed Snorg
 19717 | D:10     | Noticed Amaemon
 19733 | D:10     | Killed Amaemon
 19736 | D:10     | 19736 ||| DROPPING +0 morningstar.
 19913 | D:10     | 19913 ||| Stepping ~*~*~tactically~*~*~ (hiding).
 19914 | D:10     | 19914 ||| Stepping ~*~*~tactically~*~*~ (hiding).
 19916 | D:10     | 19916 ||| Stepping ~*~*~tactically~*~*~ (hiding).
 19918 | D:10     | Reached skill level 12 in Shields
 20161 | D:10     | 20161 ||| Stepping ~*~*~tactically~*~*~ (hiding).
 20423 | D:10     | 20423 ||| UPGRADING to +1 cloak of Starlight {*Dazzle EV+4
                  | Stlth--}.
 20433 | D:10     | 20433 ||| DROPPING +0 cloak.
 20434 | D:10     | 20434 ||| UPGRADING to +0 tower shield.
 20444 | D:10     | 20444 ||| DROPPING +0 kite shield.
 20537 | D:11     | 20537 ||| Stepping ~*~*~tactically~*~*~ (stealth).
 20571 | D:11     | 20571 ||| Stepping ~*~*~tactically~*~*~ (stealth).
 20572 | D:11     | 20572 ||| Stepping ~*~*~tactically~*~*~ (stealth).
 20573 | D:11     | 20573 ||| Stepping ~*~*~tactically~*~*~ (stealth).
 20679 | D:11     | Noticed Urug
 20680 | D:11     | 20680 ||| Stepping ~*~*~tactically~*~*~ (stealth).
 20683 | D:11     | 20683 ||| INVOKING Brothers in Arms.
 20687 | D:11     | Killed Urug
 21026 | D:11     | Found a staircase to the Orcish Mines.
 21551 | D:11     | 21551 ||| PLANNING D
 21631 | D:12     | Noticed Fannar
 21639 | D:12     | Killed Fannar
 21640 | D:12     | Reached skill level 13 in Shields
 21663 | D:12     | Reached skill level 3 in Throwing
 21665 | D:12     | 21665 ||| INVOKING Brothers in Arms.
 21886 | D:12     | Noticed Lodul
 21887 | D:12     | 21887 ||| INVOKING Brothers in Arms.
 21893 | D:12     | Killed Lodul
 22180 | D:13     | 22180 ||| INVOKING Brothers in Arms.
 22200 | D:13     | Noticed Josephine
 22206 | D:13     | Killed Josephine
 22207 | D:13     | Reached skill level 14 in Shields
 22330 | D:13     | Reached XP level 15. HP: 144/144 MP: 12/12
 22444 | D:13     | 22444 ||| INVOKING Brothers in Arms.
 22572 | D:13     | Found Ujaiz's Armour Shop.
 22607 | D:13     | 22607 ||| Stepping ~*~*~tactically~*~*~ (hiding).
 22627 | D:13     | 22627 ||| Stepping ~*~*~tactically~*~*~ (hiding).
 22628 | D:13     | 22628 ||| INVOKING Trog's Hand.
 22629 | D:13     | 22629 ||| INVOKING Brothers in Arms.
 22640 | D:13     | Reached skill level 15 in Shields
 22640 | D:13     | 22640 ||| INVOKING Berserk.
 22761 | D:13     | Found a gate to the Vaults.
 22857 | D:13     | 22857 ||| Stepping ~*~*~tactically~*~*~ (hiding).
 22889 | D:13     | 22889 ||| Stepping ~*~*~tactically~*~*~ (stealth).
 22976 | D:13     | Found a broken altar of Ashenzari.
 23113 | D:14     | 23113 ||| Stepping ~*~*~tactically~*~*~ (hiding).
 23115 | D:14     | 23115 ||| Stepping ~*~*~tactically~*~*~ (hiding).
 23117 | D:14     | 23117 ||| Stepping ~*~*~tactically~*~*~ (hiding).
 23319 | D:14     | 23319 ||| INVOKING Brothers in Arms.
 23325 | D:14     | Reached skill level 16 in Shields
 23671 | D:14     | 23671 ||| Stepping ~*~*~tactically~*~*~ (hiding).
 23869 | D:14     | 23869 ||| Stepping ~*~*~tactically~*~*~ (stealth).
 24440 | D:15     | Entered Level 15 of the Dungeon
 24509 | D:15     | 24509 ||| Stepping ~*~*~tactically~*~*~ (hiding).
 24512 | D:15     | 24512 ||| INVOKING Trog's Hand.
 24514 | D:15     | Found a staircase to the Depths.
 24517 | D:15     | 24517 ||| INVOKING Brothers in Arms.
 24525 | D:15     | 24525 ||| DRINKING 2 potions of cancellation.
 24526 | D:15     | 24526 ||| DRINKING potion of cancellation.
 24541 | D:15     | Reached skill level 17 in Shields
 24552 | D:15     | 24552 ||| INVOKING Brothers in Arms.
 24553 | D:15     | 24553 ||| INVOKING Trog's Hand.
 24715 | D:15     | Identified the ring of Upraonn {Will+ MP+9 Int+2}
 24722 | D:15     | 24722 ||| Stepping ~*~*~tactically~*~*~ (stealth).
 24725 | D:15     | 24725 ||| Stepping ~*~*~tactically~*~*~ (hiding).
 24813 | D:15     | 24813 ||| Stepping ~*~*~tactically~*~*~ (stealth).
 25057 | D:15     | Reached skill level 6 in Throwing
 25109 | D:15     | 25109 ||| Stepping ~*~*~tactically~*~*~ (hiding).
 25111 | D:15     | 25111 ||| Stepping ~*~*~tactically~*~*~ (hiding).
 25114 | D:15     | Gained mutation: Your body sometimes deteriorates upon
                  | taking damage. [a neqoxec]
 25439 | D:15     | 25439 ||| INVOKING Brothers in Arms.
 25440 | D:15     | Found Defathao's General Store.
 25536 | D:15     | 25536 ||| BUYING potion of cancellation (88 gold).
 25536 | D:15     | Bought a potion of cancellation for 88 gold pieces
 25536 | D:15     | 25536 ||| BUYING potion of curing (33 gold).
 25536 | D:15     | Bought a potion of curing for 33 gold pieces
 25545 | D:15     | 25545 ||| Stepping ~*~*~tactically~*~*~ (hiding).
 25684 | D:15     | 25684 ||| INVOKING Brothers in Arms.
 25958 | D:15     | 25958 ||| PLANNING ORC
 25958 | D:15     | 25958 ||| DROPPING ring of Upraonn {Will+ MP+9 Int+2}.
 25959 | D:15     | 25959 ||| READING 24 scrolls of identify.
 25959 | D:15     | 25959 ||| IDENTIFYING bubbling green potion
 25960 | D:15     | 25960 ||| DROPPING potion of berserk rage.
 26055 | Orc:1    | Entered Level 1 of the Orcish Mines
 26090 | Orc:1    | Noticed Erolcha
 26091 | Orc:1    | 26091 ||| INVOKING Trog's Hand.
 26096 | Orc:1    | Noticed Gastronok
 26104 | Orc:1    | Killed Erolcha
 26105 | Orc:1    | Reached skill level 18 in Shields
 26116 | Orc:1    | Killed Gastronok
 26131 | Orc:1    | 26131 ||| Stepping ~*~*~tactically~*~*~ (stealth).
 26180 | Orc:1    | 26180 ||| Stepping ~*~*~tactically~*~*~ (hiding).
 26182 | Orc:1    | 26182 ||| INVOKING Trog's Hand.
 26188 | Orc:1    | 26188 ||| Stepping ~*~*~tactically~*~*~ (hiding).
 26189 | Orc:1    | 26189 ||| INVOKING Brothers in Arms.
 26193 | Orc:1    | 26193 ||| INVOKING Brothers in Arms.
 26194 | Orc:1    | 26194 ||| INVOKING Brothers in Arms.
 26633 | Orc:1    | 26633 ||| UPGRADING to +1 plate armour of willpower.
 26643 | Orc:1    | 26643 ||| DROPPING +0 plate armour.
 26652 | Orc:2    | Entered Level 2 of the Orcish Mines
 26751 | Orc:2    | 26751 ||| Stepping ~*~*~tactically~*~*~ (stealth).
 26752 | Orc:2    | 26752 ||| Stepping ~*~*~tactically~*~*~ (stealth).
 26766 | Orc:2    | 26766 ||| Stepping ~*~*~tactically~*~*~ (hiding).
 26768 | Orc:2    | 26768 ||| Stepping ~*~*~tactically~*~*~ (hiding).
 26801 | Orc:2    | 26801 ||| Stepping ~*~*~tactically~*~*~ (stealth).
 26808 | Orc:2    | 26808 ||| Stepping ~*~*~tactically~*~*~ (stealth).
 26961 | Orc:2    | 26961 ||| READING 8 scrolls of teleportation.
 27005 | Orc:2    | Reached XP level 16. HP: 150/150 MP: 13/13
 27049 | Orc:2    | 27049 ||| INVOKING Trog's Hand.
 27050 | Orc:2    | 27050 ||| INVOKING Brothers in Arms.
 27151 | Orc:2    | Identified the +10 quarterstaff of Diet Blood {vorpal,
                  | +Blink rF+}
 27217 | Orc:2    | 27217 ||| INVOKING Berserk.
 27339 | Orc:2    | 27339 ||| INVOKING Trog's Hand.
 27340 | Orc:2    | 27340 ||| INVOKING Brothers in Arms.
 27371 | Orc:2    | 27371 ||| Stepping ~*~*~tactically~*~*~ (hiding).
 27374 | Orc:2    | 27374 ||| Stepping ~*~*~tactically~*~*~ (hiding).
 27480 | Orc:2    | 27480 ||| Stepping ~*~*~tactically~*~*~ (hiding).
 27481 | Orc:2    | 27481 ||| Stepping ~*~*~tactically~*~*~ (hiding).
 27491 | Orc:2    | 27491 ||| Stepping ~*~*~tactically~*~*~ (hiding).
 27493 | Orc:2    | 27493 ||| Stepping ~*~*~tactically~*~*~ (hiding).
 27510 | Orc:2    | 27510 ||| INVOKING Brothers in Arms.
 27536 | Orc:2    | 27536 ||| INVOKING Brothers in Arms.
 27603 | Orc:2    | 27603 ||| INVOKING Brothers in Arms.
 27632 | Orc:2    | Found Nurchun's Weapon Shoppe.
 27638 | Orc:2    | 27638 ||| INVOKING Brothers in Arms.
 27741 | Orc:2    | Found Kyckuosa's Assorted Antiques.
 27750 | Orc:2    | 27750 ||| INVOKING Berserk.
 27957 | Orc:2    | 27957 ||| BUYING potion of curing (84 gold).
 27957 | Orc:2    | Bought a potion of curing for 84 gold pieces
 27957 | Orc:2    | 27957 ||| BUYING scroll labelled PUILUJ GOEPS (28 gold).
 27957 | Orc:2    | Bought a scroll labelled PUILUJ GOEPS for 28 gold pieces
 27957 | Orc:2    | 27957 ||| BUYING steel ring (140 gold).
 27957 | Orc:2    | Bought a steel ring for 140 gold pieces
 28010 | Orc:2    | 28010 ||| INVOKING Trog's Hand.
 28019 | Orc:2    | 28019 ||| INVOKING Berserk.
 28185 | Orc:2    | 28185 ||| Stepping ~*~*~tactically~*~*~ (stealth).
 28189 | Orc:2    | 28189 ||| Stepping ~*~*~tactically~*~*~ (stealth).
 28209 | Orc:2    | Found a staircase to the Elven Halls.
 28361 | Orc:2    | 28361 ||| Stepping ~*~*~tactically~*~*~ (hiding).
 28363 | Orc:2    | 28363 ||| INVOKING Berserk.
 28369 | Orc:2    | Reached skill level 19 in Shields
 28369 | Orc:2    | Found Pixkeips's Assorted Antiques.
 28493 | Orc:2    | 28493 ||| BUYING potion of heal wounds (190 gold).
 28493 | Orc:2    | Bought a potion of heal wounds for 190 gold pieces
 28493 | Orc:2    | 28493 ||| BUYING potion of might (152 gold).
 28493 | Orc:2    | Bought a potion of might for 152 gold pieces
 28493 | Orc:2    | 28493 ||| BUYING scroll labelled UGUBOENAER (38 gold).
 28493 | Orc:2    | Bought a scroll labelled UGUBOENAER for 38 gold pieces
 28493 | Orc:2    | 28493 ||| BUYING wavering jade ring (190 gold).
 28493 | Orc:2    | Bought a wavering jade ring for 190 gold pieces
 28493 | Orc:2    | Identified the ring "Bop Omp" {Fire SInv} (You bought it in
                  | a shop on level 2 of the Orcish Mines)
 28499 | Orc:2    | Found Saggym's Distillery.
 28501 | Orc:2    | 28501 ||| INVOKING Brothers in Arms.
 28503 | Orc:2    | 28503 ||| INVOKING Berserk.
 28612 | Orc:2    | 28612 ||| BUYING potion of curing (45 gold).
 28612 | Orc:2    | Bought a potion of curing for 45 gold pieces
 28612 | Orc:2    | 28612 ||| BUYING potion of curing (45 gold).
 28612 | Orc:2    | Bought a potion of curing for 45 gold pieces
 28612 | Orc:2    | 28612 ||| BUYING potion of haste (150 gold).
 28612 | Orc:2    | Bought a potion of haste for 150 gold pieces
 28612 | Orc:2    | 28612 ||| BUYING potion of heal wounds (75 gold).
 28612 | Orc:2    | Bought a potion of heal wounds for 75 gold pieces
 28633 | Orc:2    | 28633 ||| INVOKING Trog's Hand.
 28647 | Orc:2    | Reached skill level 15 in Armour
 28774 | Orc:2    | 28774 ||| PLANNING SNAKE:1-3
 28774 | Orc:2    | 28774 ||| DROPPING ring of ice.
 28775 | Orc:2    | 28775 ||| DROPPING ring of resist corrosion.
 28776 | Orc:2    | 28776 ||| DROPPING ring of willpower.
 28777 | Orc:2    | 28777 ||| UPGRADING to +6 ring of strength.
 28779 | Orc:2    | 28779 ||| READING scroll labelled PUILUJ GOEPS.
 28990 | Orc:2    | 28990 ||| READING scroll labelled UGUBOENAER.
 29160 | Snake:1  | Entered Level 1 of the Snake Pit
 29191 | Snake:1  | 29191 ||| Stepping ~*~*~tactically~*~*~ (hiding).
 29318 | Snake:1  | Found Vaoxewy's Armour Emporium.
 29501 | Snake:1  | 29501 ||| Stepping ~*~*~tactically~*~*~ (hiding).
 29502 | Snake:1  | 29502 ||| Stepping ~*~*~tactically~*~*~ (hiding).
 29670 | Snake:1  | Found a runed translucent gate.
 29670 | Snake:1  | Found a runed translucent gate.
 29670 | Snake:1  | Found a runed translucent gate.
 29819 | Snake:1  | 29819 ||| Stepping ~*~*~tactically~*~*~ (hiding).
 29885 | Snake:1  | 29885 ||| READING scroll of enchant armour.
 29885 | Snake:1  | 29885 ||| ENCHANTING +0 pair of boots.
 29927 | Snake:1  | 29927 ||| INVOKING Brothers in Arms.
 29956 | Snake:1  | Noticed Asterion
 29960 | Snake:1  | 29960 ||| INVOKING Berserk.
 29962 | Snake:1  | Killed Asterion
 30058 | Snake:1  | 30058 ||| DROPPING -2 demon whip of venom.
 30245 | Snake:1  | 30245 ||| Stepping ~*~*~tactically~*~*~ (hiding).
 30249 | Snake:1  | 30249 ||| INVOKING Brothers in Arms.
 30250 | Snake:1  | 30250 ||| INVOKING Brothers in Arms.
 30702 | Snake:2  | 30702 ||| Stepping ~*~*~tactically~*~*~ (stealth).
 30704 | Snake:2  | 30704 ||| Stepping ~*~*~tactically~*~*~ (hiding).
 30723 | Snake:2  | 30723 ||| INVOKING Berserk.
 30975 | Snake:2  | 30975 ||| Stepping ~*~*~tactically~*~*~ (stealth).
 30980 | Snake:2  | 30980 ||| Stepping ~*~*~tactically~*~*~ (hiding).
 30981 | Snake:2  | 30981 ||| Stepping ~*~*~tactically~*~*~ (hiding).
 31097 | Snake:2  | 31097 ||| Stepping ~*~*~tactically~*~*~ (hiding).
 31101 | Snake:2  | 31101 ||| Stepping ~*~*~tactically~*~*~ (hiding).
 31112 | Snake:2  | 31112 ||| Stepping ~*~*~tactically~*~*~ (hiding).
 31470 | Snake:2  | 31470 ||| Stepping ~*~*~tactically~*~*~ (stealth).
 31624 | Snake:2  | 31624 ||| Stepping ~*~*~tactically~*~*~ (hiding).
 31777 | Snake:2  | Identified the +3 chain mail of Raruaz {rPois}
 32099 | Snake:2  | 32099 ||| Stepping ~*~*~tactically~*~*~ (hiding).
 32107 | Snake:2  | 32107 ||| Stepping ~*~*~tactically~*~*~ (hiding).
 32113 | Snake:2  | 32113 ||| READING 8 scrolls of teleportation.
 32114 | Snake:2  | 32114 ||| Waiting to end mesmerise (stuck).
 32115 | Snake:2  | 32115 ||| Waiting to end mesmerise (stuck).
 32638 | Snake:2  | 32638 ||| INVOKING Brothers in Arms.
 32639 | Snake:2  | HP: 33/155 [naga warrior/+0 hand axe (37)]
 32640 | Snake:2  | 32640 ||| READING 7 scrolls of teleportation.
 32640 | Snake:2  | Mangled by a naga warrior

Levels and vault maps discovered:
D:1:      wander_arrival_fairy_ring, layout_rooms, hangedman_decor_riveting
D:2:      layout_rooms
D:3:      layout_loops_corners, hellmonk_ecumenical_altar_inner_sanctum,
          roderic_roman_lattice
D:4:      layout_basic, serial_undead, serial_undead_b, serial_undead_f,
          serial_undead_c, serial_undead_d, serial_undead_f, serial_undead_a,
          kennysheep_generic_room_13
D:5:      layout_layer_cave, mainiacjoe_overflow_24_doors
D:6:      layout_rooms, nicolae_ossuary_entry_ruins, uniq_grinder
D:7:      layout_loops_corners, nicolae_overflow_squiral,
          minmay_temple_entry_trees, uniq_prince_ribbit1, uniq_joseph
D:8:      minmay_slanted_spiral_squares, layout_loops_cross,
          kiku_gazebo_garden_becter, nicolae_overflow_crystal_walls,
          minmay_lair_entry_grove, enter_bailey_2, kennysheep_windowed_goal,
          uniq_psyche
D:9:      minmay_s_stair_smasher, layout_cave_pools, elyvilon_altar_4,
          mainiacjoe_overflow_six_doors_small, serial_shops,
          nicolae_shop_bloodbath_and_beyond, uniq_pikel, uniq_grum
D:10:     layout_layer_cave, uniq_snorg, uniq_amaemon
D:11:     layout_stronghold, erik_orc_4, serial_ice, serial_ice_a, serial_ice_d,
          serial_ice_g, serial_ice_j, minivault_7, uniq_urug
D:12:     layout_big_octagon, nicolae_elevator_lobby_plus, uniq_fannar,
          uniq_lodul
D:13:     layout_roguey, grunt_vaults_entry_fortified, serial_shops,
          nicolae_stop_n_shop_1, kennysheep_small_spiral,
          ashenzari_conservatory_becter, uniq_josephine
D:14:     layout_stronghold, kennysheep_another_room
D:15:     hangedman_depths_entry_civil_slaughter, layout_long_grid,
          serial_shops, shop, serial_demonic, serial_demonic_e,
          serial_demonic_a, serial_demonic_b, serial_demonic_f, hex_medium
Lair:1:   wander_river, layout_misc_corridors, st_stairs_12
Lair:2:   lemuel_ratsnest, layout_gridlike, chequers_serial_rivers_small_b,
          lemuel_fruit_fields, lemuel_fruit_tree, lemuel_fruit_fields,
          uniq_maggie
Lair:3:   layout_loops_ring, swamp_mist_pool, guppyfry_snake_entry_garden,
          gauntlet_entry_generic, st_stairs_13, minmay_hedge_maze,
          nzn_random_ring
Lair:4:   layout_regular_city, slime_entry_1,
          eino_small_chamber_without_monster, chequers_serial_rivers_large_b,
          serial_bayou_pond_d, minmay_lindwurm_lava
Lair:5:   hangedman_lair_tendril_chambers, layout_gridlike,
          guppyfry_lair_end_dragon, infiniplex_staircase_pool_2
Snake:1:  nicolae_snake_nest, layout_layer_cave, serial_shops, shop,
          nicolae_snake_horde_hoard, uniq_asterion
Snake:2:  layout_chambers, hangedman_snake_sidewinding
Orc:1:    layout_caves, uniq_erolcha, uniq_gastronok
Orc:2:    pubby_orc_utopia, serial_shops

Skill      XL: |  1  2  3  4  5  6  7  8  9 10 11 12 13 14 15 16 |
---------------+-------------------------------------------------+-----
Axes           | 4 5 6 7 9 10 12 13 15 17 18 | 18.0
Fighting       | 4 5 6 8 9 10 12 15 16 17 | 17.4
Armour         | 5 7 8 9 12 14 16 | 16.0
Throwing       | 1 3 6 8 |  8.0
Dodging        | 3 4 5 6 7 |  7.1
Shields        | 5 6 8 9 14 18 19 | 19.5

Action                   |  1- 3 |  4- 6 |  7- 9 | 10-12 | 13-15 | 16-18 || total
-------------------------+-------+-------+-------+-------+-------+-------++-------
Melee: Hand axe          |    76 |    92 |   261 |    77 |       |       ||   506
       Headbutt          |     9 |    14 |    56 |   120 |   117 |    48 ||   364
       Punch             |       |       |     1 |       |       |       ||     1
       Broad axe         |       |       |       |   389 |   657 |   260 ||  1306
       Flail             |       |       |       |    34 |       |       ||    34
Throw: Boomerang         |       |    12 |    85 |    22 |    45 |     5 ||   169
       Javelin           |       |       |       |       |    54 |    25 ||    79
Invok: Berserk           |     2 |     1 |    13 |    19 |     2 |     7 ||    44
       Trog's Hand       |       |       |     1 |       |     5 |     4 ||    10
       Brothers in Arms  |       |       |       |     4 |    18 |    10 ||    32
  Use: Scroll            |     4 |     4 |    11 |     4 |     4 |     5 ||    32
       Potion            |       |     2 |     5 |     1 |     4 |       ||    12
 Stab: Invisible         |       |       |       |     2 |     5 |     1 ||     8
       Distracted        |       |       |       |       |     8 |     2 ||    10
Armor: Animal skin       |     8 |       |       |       |       |       ||     8
       Chain mail        |     7 |    38 |     3 |       |       |       ||    48
       Plate armour      |       |       |    95 |   214 |   188 |    32 ||   529
Dodge: Dodged            |    25 |    35 |    74 |   123 |   147 |    39 ||   443
Block: Buckler           |       |       |    13 |   117 |    91 |       ||   221
       Tower shield      |       |       |       |       |   338 |   227 ||   565
       Kite shield       |       |       |       |       |    58 |       ||    58
       Reflection        |       |       |       |       |    69 |    28 ||    97

Table legend:
 A = Non-vault XP
 B = Vault XP
 C = Vault XP percentage of total XP
 D = Non-vault monster count
 E = Vault monster count
 F = Vault count percentage of total count
                 A         B        C        D         E       F
            +---------+---------+-------+---------+---------+-------
      Total |  120871 |   88018 |  42.1 |     483 |     436 |  47.4
            +---------+---------+-------+---------+---------+-------
        D:1 |      30 |       0 |   0.0 |      16 |       0 |   0.0
        D:2 |      47 |       0 |   0.0 |      20 |       0 |   0.0
        D:3 |      64 |       0 |   0.0 |      13 |       0 |   0.0
        D:4 |     408 |     466 |  53.3 |      19 |      12 |  38.7
        D:5 |     645 |       0 |   0.0 |      28 |       0 |   0.0
        D:6 |     950 |     272 |  22.3 |      21 |       1 |   4.5
        D:7 |    1301 |     858 |  39.7 |      19 |       3 |  13.6
        D:8 |     929 |    6416 |  87.4 |      17 |      34 |  66.7
        D:9 |    1800 |    3624 |  66.8 |      19 |      19 |  50.0
       D:10 |    1461 |    2145 |  59.5 |       9 |       3 |  25.0
       D:11 |    2371 |    3040 |  56.2 |      12 |      40 |  76.9
       D:12 |    4311 |    2306 |  34.8 |      28 |       8 |  22.2
       D:13 |   10499 |    8250 |  44.0 |      19 |      15 |  44.1
       D:14 |   10037 |       0 |   0.0 |      22 |       0 |   0.0
       D:15 |    9430 |    8829 |  48.4 |      16 |      17 |  51.5
     Lair:1 |    4372 |       0 |   0.0 |      20 |       0 |   0.0
     Lair:2 |    4861 |    1906 |  28.2 |      16 |      40 |  71.4
     Lair:3 |   10808 |    6166 |  36.3 |      29 |      13 |  31.0
     Lair:4 |    2727 |    2519 |  48.0 |       6 |       4 |  40.0
     Lair:5 |   16695 |   14338 |  46.2 |      46 |      48 |  51.1
    Snake:1 |   16984 |    2163 |  11.3 |      26 |       2 |   7.1
    Snake:2 |   17501 |    2034 |  10.4 |      34 |       4 |  10.5
      Orc:1 |    2640 |    2284 |  46.4 |      28 |       2 |   6.7
      Orc:2 |       0 |   20163 | 100.0 |       0 |     144 | 100.0
    Ossuary |       0 |     239 | 100.0 |       0 |      27 | 100.0
            +---------+---------+-------+---------+---------+-------
